 Dungeon Crawl Stone Soup version 0.17-a0-2069-g0f4ee5b (webtiles) character file.

3973 brucemayne the Cleaver (level 10, -11/85 HPs)
             Began as a Deep Dwarf Assassin on Oct 13, 2015.
             Was a Priest of Makhleb.
             Shot with a bolt of penetration by an orc knight (23 damage)
             ... on level 4 of the Orcish Mines.
             The game lasted 00:34:17 (5034 turns).

brucemayne the Cleaver (Deep Dwarf Assassin)        Turns: 5034, Time: 00:34:18

Health: -11/85     AC: 17    Str: 18    XL:     10   Next: 2%
Magic:  10/10      EV:  5    Int: 12    God:    Makhleb [***...]
Gold:   696        SH:  0    Dex: 14    Spells: 1 memorised, 8 levels left

rFire  + . .     SeeInvis +     b - +0 blowgun
rCold  . . .     Clarity  .     I - +0 plate armour
rNeg   . . .     SustAt   .     (no shield)
rPois  .         Gourm    .     t - +1 helmet
rElec  .         Spirit   .     r - +0 cloak
rCorr  .         Warding  .     n - +0 pair of gloves
rMut   .         Stasis   .     Z - +0 pair of boots
MR     +....                    (no amulet)
Stlth  ..........               s - ring of see invisible
                                M - ring of protection from fire

@: non-regenerating, somewhat resistant to hostile enchantments, extremely
unstealthy
A: damage resistance, recharge devices, sense surroundings 2, slow regeneration
3
a: Device Recharging, Minor Destruction, Lesser Servant of Makhleb, Renounce
Religion


You were on level 4 of the Orcish Mines.
You worshipped Makhleb.
Makhleb was most pleased with you.
You were hungry.

You visited 3 branches of the dungeon, and saw 14 of its levels.
You also visited: Sewer.

You collected 696 gold pieces.

Inventory:

Hand Weapons
 b - a +0 blowgun (weapon)
 d - a +0 war axe
Missiles
 e - 9 poisoned needles (quivered)
Armour
 n - a +0 pair of gloves (worn)
 r - a +0 cloak (worn)
 t - a +1 helmet (worn)
 y - the +2 ring mail of Pragmatism {+Fly rC+ Dex+3}
   (You found it on level 5 of the Dungeon)

   It affects your dexterity (+3).
   It protects you from cold.
   It lets you fly.
 I - a +0 plate armour (worn)
 Z - a +0 pair of boots (worn)
Jewellery
 p - an uncursed ring of teleportation
 s - a ring of see invisible (right hand)
 u - an uncursed ring of protection from fire
 x - an uncursed ring of positive energy
 M - a ring of protection from fire (left hand)
Wands
 c - a wand of paralysis (9)
 g - a wand of heal wounds (0)
 B - a wand of magic darts (35)
 D - a wand of flame (22)
 G - a wand of paralysis (10)
 L - a wand of polymorph (14)
 P - a wand of heal wounds (2)
 T - a wand of polymorph (15)
Scrolls
 k - a scroll of fog
 m - 3 scrolls of remove curse
 o - a scroll of random uselessness {unknown}
 E - a scroll of enchant armour
Potions
 F - 2 potions of might {unknown}
 K - a potion of magic {unknown}
 O - 2 potions of ambrosia {unknown}
 Q - a potion of brilliance {unknown}
 R - 2 potions of lignification
 V - a potion of curing {unknown}
 X - a potion of degeneration {unknown}
Comestibles
 h - 4 bread rations
 l - 8 slices of pizza
 z - 5 meat rations
 C - a royal jelly


   Skills:
 + Level 3.6 Fighting
   Level 2.6 Short Blades
 - Level 13.9 Axes
 - Level 1.7 Throwing
 + Level 3.4 Armour
 - Level 1.1 Dodging
 - Level 4.8 Stealth


You had 8 spell levels left.
You knew the following spells:

 Your Spells              Type           Power        Failure   Level  Hunger
a - Apportation           Tloc           #.........   100%        1    ##.....


Dungeon Overview and Level Annotations

Branches:
Dungeon (9/15)             Temple (1/1) D:6            Lair (0/8) D:8
    Orc (4/4) D:9
    Elf: Orc:3-4

Altars:
Cheibriados
Dithmenos
Gozag
Kikubaaqudgha
Makhleb
Nemelex Xobeh
Okawaru
Qazlal
Ru
Sif Muna
Trog
Vehumet
Zin

Shops:
Orc:2 }   Orc:4 (

Annotations:
D:6 Blork the orc, Menkaure
D:8 exclusion: downstairs
Orc:4 Donald


Innate Abilities, Weirdness & Mutations

You are resistant to damage.
You can recharge devices by infusing magical energy.
You passively map the area around you.
You do not regenerate naturally.


Message History

The orc warrior hits you from afar with a trident!
* * * LOW HITPOINT WARNING * * *
The orc high priest prays to Beogh.
Evoke which item? (* to show all) (? for menu, Esc to quit)
Zapping:
g - a wand of heal wounds (1)
Press: ? - help, Shift-Dir - straight line, f - you You feel much better.
This wand has 0 charges left.
The orc warlord suddenly jeers.
The orc warlord roars a battlecry!
The orc warrior hits you from afar with a trident.
* * * LOW HITPOINT WARNING * * *
Unknown command.
The orc high priest invokes the aid of Beogh against you.
Something smites you!
* * * LOW HITPOINT WARNING * * *
The orc knight unwields an uncursed long sword.
The orc knight wields an arbalest.
The orc knight shoots a bolt of penetration.
The bolt of penetration pierces through you!!
You die...

, , ,* * * ,
,, * * * ,, ,
,.#. , .#...,,
, * , , .....,
*, ,* ,
......,, ,, *
,...... ,##
......####.##
,
P...Po.@#...#
,,
...o........#
,
,....ooo.##.##
, , 8...oo..#
*# ,
,..4.o.PP# ,
....o.4.# , ,
........# ,,
,, ...PP..## ,
, .......*


You could see an orc warlord, 2 orc knights, an orc high priest (frenzied), a
rust devil, a red devil and 5 orc warriors.

Vanquished Creatures
  Grinder (D:6)
  Prince Ribbit (D:6)
  Sigmund (D:4)
  A human (D:8)
  A wolf (D:8)
  A hippogriff (D:8)
  A warg (D:9)
  5 orc warriors
  2 necrophages (D:7)
  3 centaurs
  3 ogres
  2 phantoms
  A giant frog (D:7)
  A scorpion (D:5)
  5 killer bees (D:9)
  3 crimson imps
  A giant frog zombie (D:8)
  8 orc wizards
  A jelly (D:7)
  Crazy Yiuf (D:3)
  An iguana (D:5)
  2 centaur skeletons
  5 hounds
  9 orc priests
  4 worker ants
  A hound skeleton (D:6)
  Robin (D:4)
  A gnoll (D:7)
  5 adders
  3 shadow imps
  An ooze (Sewer)
  An adder skeleton (D:4)
  A worm (D:3)
  61 orcs
  A bat (D:1)
  7 giant cockroaches
  7 goblins
  9 hobgoblins
  13 jackals
  2 quokkas
  3 ball pythons
  6 giant geckos
  A giant gecko skeleton (D:4)
  A giant gecko zombie (D:5)
  5 giant newts
  2 kobolds
  A quokka skeleton (D:4)
  2 rats (D:3)
  A butterfly (D:6)
200 creatures vanquished.

Notes
Turn   | Place    | Note
--------------------------------------------------------------
     0 | D:1      | brucemayne the Deep Dwarf Assassin began the quest for the Orb.
     0 | D:1      | Reached XP level 1. HP: 19/19 MP: 1/1
   290 | D:1      | Reached XP level 2. HP: 17/26 MP: 2/2
   350 | D:2      | Found a faded altar to an unknown god.
   480 | D:4      | Noticed Robin
   525 | D:3      | Noticed Crazy Yiuf
   534 | D:3      | Killed Crazy Yiuf
   534 | D:3      | Reached skill level 1 in Armour
   534 | D:3      | Reached XP level 3. HP: 19/33 MP: 3/3
   581 | D:3      | Reached XP level 4. HP: 23/40 MP: 4/4
   672 | D:4      | Killed Robin
   979 | D:4      | Found a glowing drain.
   987 | D:4      | Reached XP level 5. HP: 35/49 MP: 5/5
   995 | Sewer    | Entered a sewer
   996 | Sewer    | Reached skill level 1 in Axes
  1221 | D:5      | Entered Level 5 of the Dungeon
  1245 | D:5      | Noticed a phantom
  1271 | D:5      | Noticed a phantom
  1278 | D:5      | Got a polished ring mail
  1318 | D:4      | Identified the +2 ring mail of Pragmatism {+Fly rC+ Dex+3} (You found it on level 5 of the Dungeon)
  1440 | D:4      | Noticed Sigmund
  1471 | D:4      | Found an iron altar of Okawaru.
  1518 | D:4      | Killed Sigmund
  1518 | D:4      | Reached XP level 6. HP: 24/56 MP: 6/6
  1601 | D:5      | Reached skill level 5 in Axes
  1703 | D:5      | Found a sacrificial altar of Ru.
  1743 | D:5      | Reached skill level 6 in Axes
  1743 | D:5      | Reached XP level 7. HP: 31/62 MP: 7/7
  1869 | D:6      | Noticed Menkaure
  1906 | D:5      | Reached skill level 7 in Axes
  1933 | D:5      | Killed a phantom
  2019 | D:6      | Noticed Blork the orc
  2100 | D:7      | Reached skill level 8 in Axes
  2254 | D:7      | Reached XP level 8. HP: 21/69 MP: 8/8
  2390 | D:6      | Found a stormy altar of Qazlal.
  2458 | D:7      | Reached skill level 9 in Axes
  2619 | D:6      | Noticed Prince Ribbit
  2660 | D:6      | Found a stormy altar of Qazlal.
  2661 | D:6      | Noticed an air elemental
  2661 | D:6      | Noticed a fire elemental
  2661 | D:6      | Noticed a water elemental
  2701 | D:6      | Noticed Grinder
  2716 | D:6      | Killed Grinder
  2927 | D:4      | Reached skill level 10 in Axes
  3028 | D:4      | Killed a phantom
  3287 | D:6      | Killed Prince Ribbit
  3316 | D:6      | Reached skill level 11 in Axes
  3357 | D:6      | Found a staircase to the Ecumenical Temple.
  3366 | Temple   | Entered the Ecumenical Temple
  3379 | Temple   | Became a worshipper of Makhleb the Destroyer
  3526 | D:8      | Found a staircase to the Lair.
  3528 | D:8      | HP: 3/69 [electric eel/bolt of electricity (7)]
  3757 | D:8      | Gained mutation: You passively map the area around you. [Deep Dwarf growth]
  3757 | D:8      | Reached XP level 9. HP: 19/76 MP: 9/9
  3801 | D:8      | Learned a level 1 spell: Apportation
  3899 | D:8      | Reached skill level 12 in Axes
  4159 | D:9      | Reached * piety under Makhleb
  4250 | D:9      | Found a staircase to the Orcish Mines.
  4256 | D:9      | Reached skill level 13 in Axes
  4331 | Orc:1    | Entered Level 1 of the Orcish Mines
  4407 | Orc:1    | Reached ** piety under Makhleb
  4531 | Orc:2    | Found Erugehut's Gadget Shop.
  4688 | Orc:2    | Reached *** piety under Makhleb
  4820 | Orc:4    | Entered Level 4 of the Orcish Mines
  4889 | Orc:4    | Reached XP level 10. HP: 67/84 MP: 10/10
  4945 | Orc:4    | Noticed Donald
  5031 | Orc:4    | Found Dof Kueleorgh's Antique Weapon Shoppe.
  5031 | Orc:4    | Noticed an orc knight
  5031 | Orc:4    | Noticed an orc warlord
  5031 | Orc:4    | Noticed an orc high priest
  5032 | Orc:4    | Noticed an orc knight
  5032 | Orc:4    | Noticed a rust devil
  5034 | Orc:4    | Shot with a bolt of penetration by an orc knight

Vault maps used:
D:1:      minmay_arrival_radiant_lines
D:2:      first_bread, ecumenical_altar_2
D:3:      uniq_crazy_yiuf_cottage
D:4:      kennysheep_little_box, gup_sewer_entry_pipe, uniq_sigmund, uniq_robin
D:5:      nicolae_ru_path_of_blood
D:6:      nicolae_overflow_hidden_temple, minmay_temple_entry_butterflies,
          nicolae_qazlal_style_of_elements, uniq_grinder, uniq_menkaure,
          uniq_blork_the_orc, uniq_prince_ribbit1
D:8:      erik_lair_island, lightli_ossuary_entry_decrepit_ruins, grunt_pizzeria
D:9:      gammafunk_temple_overflow_forgotten, erik_orc_3, serial_shops,
          nicolae_shop_crystal
Temple:   circular_temple_13
Orc:2:    serial_shops, shop, shop, shop, shop
Orc:3:    basic_altar, serial_shops, shop, nicolae_orc_pool_cavern,
          nicolae_alphabet_shops, uniq_josephine
Orc:4:    grunt_orc_gardens, grunt_orc_garden, grunt_orc_garden,
          grunt_orc_garden, grunt_orc_garden, uniq_nessos, uniq_donald
Sewer:    sewer_frog_island_02

Action                   |  1- 3 |  4- 6 |  7- 9 | 10-12 || total
-------------------------+-------+-------+-------+-------++-------
Melee: Dagger            |    44 |   128 |    12 |       ||   184
       Hand axe          |       |    30 |   405 |       ||   435
       War axe           |       |       |   145 |    10 ||   155
 Fire: Blowgun           |     9 |    38 |    30 |     7 ||    84
Evoke: Wand              |       |     3 |    27 |     2 ||    32
  Use: Scroll            |       |     4 |    13 |     1 ||    18
 Stab: Sleeping          |     6 |     4 |     5 |       ||    15
       Distracted        |     1 |     1 |       |       ||     2
       Paralysed         |       |       |    32 |       ||    32
  Eat: Chunk             |       |     2 |     8 |       ||    10
       Fruit             |       |       |     2 |       ||     2
       Pizza             |       |       |     1 |       ||     1
